 Dungeon Crawl Stone Soup version 0.26-a0-110-g95b6527cb0 (webtiles) character file.

Game seed: 9878068917962962523

12544 MrRokkomies the Archer (level 11, -3/102 HPs)
             Began as a Centaur Hunter on June 23, 2020.
             Was a High Priest of Okawaru.
             Slain by a spiny frog (14 damage)
             ... on level 1 of the Lair of Beasts.
             The game lasted 00:28:42 (13350 turns).

MrRokkomies the Archer (Centaur Hunter)            Turns: 13350, Time: 00:28:43

Health: -3/102     AC: 18    Str: 12    XL:     11   Next: 63%
Magic:  15/15      EV:  3    Int: 10    God:    Okawaru [*****.]
Gold:   197        SH:  0    Dex: 13    Spells: 10/10 levels left

rFire    + + .     SeeInvis .   b - +2 spear (venom)
rCold    . . .     Faith    +   (no shield)
rNeg     . . .     Spirit   .   j - +0 chain mail of Xyraj {Regen+ Str-3 Slay+3}
rPois    .         Reflect  .   (no helmet)
rElec    .         Harm     .   t - +1 cloak
rCorr    .                      F - +0 pair of gloves
MR       .....                  O - +1 centaur barding {Stlth+}
Stlth    ..........             v - amulet of faith
HPRegen  0.67/turn              L - ring of protection from fire
MPRegen  0.14/turn              M - ring of protection from fire

@: very quick
A: large, hooves 3, deformed body, speed 2, tough skin 3
a: Heroism, Finesse, Renounce Religion


You were on level 1 of the Lair of Beasts.
You worshipped Okawaru.
Okawaru was extremely pleased with you.
You were not hungry.

You visited 2 branches of the dungeon, and saw 10 of its levels.

You collected 576 gold pieces.
You spent 379 gold pieces at shops.

Inventory:

Hand Weapons
 a - a +2 shortbow
 b - a +2 spear of venom (weapon)
 N - a +1 spear of flaming
Missiles
 z - 178 arrows
 J - a throwing net (quivered)
Armour
 j - the +0 chain mail of Xyraj (worn) {Regen+ Str-3 Slay+3}
   (You bought it in a shop on level 6 of the Dungeon)

   It affects your strength (-3).
   It affects your accuracy and damage with ranged weapons and melee attacks
   (+3).
   It increases your rate of regeneration.
 t - a +1 cloak (worn)
 y - a +2 robe of cold resistance
 F - a +0 pair of gloves (worn)
 O - a +1 centaur barding of stealth (worn)
Jewellery
 v - an amulet of faith (around neck)
 L - a ring of protection from fire (left hand)
 M - a ring of protection from fire (right hand)
Wands
 c - a wand of disintegration (14)
 C - a wand of iceblast (6)
Scrolls
 e - 4 scrolls of teleportation
 k - 6 scrolls of remove curse
 m - 2 scrolls of amnesia
 u - a scroll of magic mapping
 G - 2 scrolls of blinking
 H - a scroll of enchant armour
 K - 3 scrolls of identify
Potions
 d - a potion of mutation
 g - 5 potions of stabbing
 h - 2 potions of ambrosia
 i - a potion of brilliance {unknown}
 l - 3 potions of cancellation
 n - 3 potions of haste
 o - 2 potions of lignification
 p - a potion of might {unknown}
 q - a potion of heal wounds {unknown}
 r - a potion of curing
 s - a potion of flight {unknown}
 x - 2 potions of berserk rage {unknown}
 D - 2 potions of invisibility {unknown}
 E - 4 potions of degeneration {unknown}
 I - a potion of resistance {unknown}
Comestibles
 f - 23 rations


   Skills:
 * Level 11.3 Fighting
 + Level 13.5 Bows
 * Level 5.3 Armour
 - Level 5.0 Dodging
 - Level 0.4 Stealth
 + Level 6.5 Invocations


You had 10 spell levels left.
You didn't know any spells.
Your spell library contained the following spells:

 Spells                   Type           Power        Failure   Level  Hunger
 Animate Skeleton         Necr           N/A          100%        1    ##.....
 Apportation              Tloc           #.....       100%        1    ##.....
 Corona                   Hex            #......      100%        1    ##.....
 Summon Small Mammal      Summ           #...         100%        1    ##.....
 Bolt of Magma            Conj/Fire/Erth #.........   100%        5    ######.
 Iskenderun's Battlesphe  Conj/Chrm      #.......     100%        5    ######.
 Iron Shot                Conj/Erth      #.........   100%        6    #######
 Orb of Destruction       Conj           #.........   100%        7    #######
 Spellforged Servitor     Conj/Summ      #.........   100%        7    #######


Dungeon Overview and Level Annotations

Branches:
Dungeon (9/15)             Temple (0/1) D:5            Lair (1/6) D:9
    Orc: D:9-12

Altars:
Dithmenos
Gozag
Okawaru
Qazlal

Shops:
D:4 }   D:6 [


Innate Abilities, Weirdness & Mutations

You have hooves in place of feet.
Armour fits poorly on your strangely shaped body.
You cover ground very quickly.
You have extremely tough skin. (AC +3)


Message History

Aim: a spiny frog (lightly wounded, chance to defeat MR: 46%)
The spiny frog resists with some effort.
The rime drake breathes ice at you. The flash freeze hits you!
* * * LOW HITPOINT WARNING * * *
You are encased in ice.
You feel sick. The spiny frog stings you.
* * * LOW HITPOINT WARNING * * *
You feel sick.
All of the chunks of flesh in your inventory have rotted away.
You feel better. The ice encasing you melts away.
The spiny frog stings you but does no damage.
Evoke which item? (* to show all) (? for menu, Esc to quit)
Aiming: Enslavement
Press: ? - help, Shift-Dir - straight line, f/p - spiny frog
Aim: a spiny frog (lightly wounded, chance to defeat MR: 46%)
The spiny frog resists with some effort.
The now-empty wand crumbles to dust.
The spiny frog stings you!
You die...

.....######.##...#####.#...#..#.#
.............#...# ##†.##...#..
#............#...# ###.#+###..#..
#................###.....P##..#..
#....#.......#.....k.....###..#..
#....P.......#...###.....# #.....
#............#..k# #.....# ....
+....#.......#.>F# ##..#.#
.....#....^..+..@# ######
.........# .####...... ..........
............. #.............
..#........#.## #..####...#...


You could see a spiny frog and a rime drake.

Vanquished Creatures
  A hydra (Lair:1)
  2 two-headed ogres (D:8)
  A queen ant (D:7)
  A komodo dragon (D:9)
  Maggie (D:7)
  A hippogriff (D:9)
  Sigmund (D:4)
  2 wyverns
  6 yaks
  3 hogs (D:7)
  A human (D:7)
  Menkaure (D:4)
  20 soldier ants
  A water moccasin (Lair:1)
  An orc warrior (D:8)
  2 ice beasts (D:6)
  4 sky beasts
  2 necrophages
  4 ogres
  3 phantoms
  3 wolves (Lair:1)
  2 centaurs
  6 bullfrogs
  A big kobold (D:8)
  A gnoll sergeant (D:9)
  2 scorpions
  3 killer bees (D:9)
  8 wights
  2 howler monkeys
  2 crimson imps
  2 bullfrog zombies
  A quasit (D:8)
  5 jellies
  3 orc priests
  Crazy Yiuf (D:2)
  2 centaur skeletons (D:4)
  5 hounds
  2 bullfrog skeletons
  Terence (D:2)
  7 orc wizards
  3 iguanas
  29 worker ants
  A hound zombie (D:8)
  2 hound skeletons
  Robin (D:4)
  11 gnolls
  8 adders
  5 shadow imps
  2 oozes
  An adder zombie (D:5)
  2 adder skeletons (D:4)
  3 worms
  8 leopard geckos
  21 orcs
  3 ball pythons
  6 giant cockroaches
  16 goblins
  10 hobgoblins
  7 jackals
  14 kobolds
  6 quokkas
  3 bats (D:1)
  A frilled lizard (D:4)
  A jackal zombie (D:8)
  2 leopard gecko skeletons
  A quokka zombie (D:5)
  5 rats
289 creatures vanquished.

Vanquished Creatures (others)
  A wolf (Lair:1)
  A plant (D:9)
2 creatures vanquished.

Grand Total: 291 creatures vanquished

Notes
Turn   | Place    | Note
-------+----------+-------------------------------------------
     0 | D:1      | MrRokkomies the Centaur Hunter began the quest for the Orb.
     0 | D:1      | Reached XP level 1. HP: 17/17 MP: 1/1
   140 | D:1      | Reached XP level 2. HP: 23/25 MP: 2/2
   462 | D:1      | Reached XP level 3. HP: 17/30 MP: 3/3
   626 | D:1      | You fall into a shaft and drop 1 floor!
   648 | D:2      | Found a runed translucent door.
   649 | D:2      | Noticed Crazy Yiuf
   673 | D:2      | Noticed Terence
   727 | D:2      | Killed Terence
   727 | D:2      | Reached skill level 6 in Bows
  1394 | D:1      | Reached XP level 4. HP: 38/38 MP: 4/4
  2251 | D:2      | Found an iron altar of Okawaru.
  2257 | D:2      | Became a worshipper of Warmaster Okawaru
  2616 | D:2      | Killed Crazy Yiuf
  2872 | D:3      | Reached XP level 5. HP: 36/45 MP: 5/5
  3247 | D:3      | Found a faded altar of an unknown god.
  3549 | D:3      | Found an opulent altar of Gozag.
  3765 | D:4      | Noticed Menkaure
  3771 | D:4      | Killed Menkaure
  3771 | D:4      | Reached * piety under Okawaru
  3771 | D:4      | Reached skill level 7 in Bows
  3771 | D:4      | Reached XP level 6. HP: 27/52 MP: 6/6
  4069 | D:4      | Noticed Sigmund
  4094 | D:4      | Reached skill level 8 in Bows
  4123 | D:4      | Killed Sigmund
  4123 | D:4      | Reached skill level 5 in Fighting
  4123 | D:4      | Reached XP level 7. HP: 36/61 MP: 7/7
  4301 | D:4      | Reached ** piety under Okawaru
  4471 | D:4      | Found Tocvargha's Gadget Boutique.
  4663 | D:4      | Noticed Robin
  4690 | D:4      | Killed Robin
  4690 | D:4      | Reached skill level 9 in Bows
  4962 | D:4      | Reached XP level 8. HP: 66/70 MP: 8/8
  5280 | D:5      | Entered Level 5 of the Dungeon
  5698 | D:5      | Reached skill level 10 in Bows
  5740 | D:5      | Reached *** piety under Okawaru
  6018 | D:5      | Found a staircase to the Ecumenical Temple.
  6283 | D:5      | Found a stormy altar of Qazlal.
  6547 | D:6      | Reached XP level 9. HP: 56/80 MP: 9/9
  6858 | D:6      | Reached skill level 11 in Bows
  7022 | D:6      | Reached skill level 1 in Invocations
  7811 | D:6      | Found Pufoah's Antique Armour Emporium.
  7828 | D:6      | Bought a fine leather armour for 161 gold pieces
  7838 | D:6      | Identified the +2 leather armour of Fortification {Str+3}
                  | (You bought it in a shop on level 6 of the Dungeon)
  7902 | D:6      | Reached **** piety under Okawaru
  8298 | D:7      | Noticed Maggie
  8314 | D:7      | Killed Maggie
  8572 | D:7      | Received a gift from Okawaru
  8698 | D:7      | Found a shadowy altar of Dithmenos.
  9124 | D:7      | Reached skill level 12 in Bows
  9162 | D:7      | HP: 4/83 [hog (14)]
  9795 | D:6      | Bought a distressingly furry chain mail for 218 gold pieces
  9805 | D:6      | Identified the cursed +0 chain mail of Xyraj {Regen+ Str-3
                  | Slay+3} (You bought it in a shop on level 6 of the Dungeon)
  9865 | D:7      | Reached XP level 10. HP: 77/91 MP: 12/12
  9972 | D:8      | Reached skill level 5 in Dodging
  9977 | D:8      | Reached skill level 1 in Armour
 10103 | D:8      | Received a gift from Okawaru
 10397 | D:8      | Noticed a two-headed ogre
 10462 | D:8      | Killed a two-headed ogre
 10462 | D:8      | Reached ***** piety under Okawaru
 10462 | D:8      | Received a gift from Okawaru
 10574 | D:8      | Received a gift from Okawaru
 10692 | D:8      | Reached skill level 10 in Fighting
 10712 | D:8      | Received a gift from Okawaru
 10881 | D:7      | Reached skill level 5 in Invocations
 11125 | D:8      | Reached skill level 13 in Bows
 11255 | D:8      | Noticed a queen ant
 11338 | D:7      | Killed a queen ant
 11338 | D:7      | Reached XP level 11. HP: 63/101 MP: 13/15
 11593 | D:8      | Noticed a two-headed ogre
 11618 | D:8      | Killed a two-headed ogre
 12187 | D:9      | Got an ichor-stained ring mail
 12198 | D:9      | Identified the +4 ring mail "Burolue" {Harm rN++ Int+5}
                  | (You found it on level 9 of the Dungeon)
 12285 | D:9      | Received a gift from Okawaru
 12459 | D:9      | Found a staircase to the Lair.
 13029 | Lair:1   | Entered Level 1 of the Lair of Beasts
 13072 | Lair:1   | Reached skill level 5 in Armour
 13184 | Lair:1   | Noticed a six-headed hydra
 13203 | Lair:1   | Killed a six-headed hydra
 13344 | Lair:1   | HP: 4/102 [spiny frog (5)]
 13350 | Lair:1   | Slain by a spiny frog

Illustrated notes

Levels and vault maps discovered:
D:1:      onia_arrival_handbag, layout_basic
D:2:      layout_loops_ring, okawaru_ov_weapons_minmay, uniq_crazy_yiuf_cottage,
          uniq_terence
D:3:      layout_basic, chequers_ecumenical_altar_simple,
          nicolae_gozag_cash_rules_everything_around_me
D:4:      layout_basic, serial_shops, shop, first_ration, uniq_menkaure,
          uniq_robin, uniq_sigmund
D:5:      layout_gridville, minmay_temple_entry_wispy,
          nicolae_qazlal_eye_of_the_storm
D:6:      kennysheep_spiral_hall, layout_basic, serial_shops, shop
D:7:      layout_basic, lemuel_doored_altar, grunt_livestock, uniq_maggie
D:8:      layout_basic, minivault_29
D:9:      layout_roguey, david_lair_shrubbed, serial_glass, glass_columns_a,
          glass_columns_a, glass_columns_c, glass_columns_a, glass_columns_c,
          glass_columns_a, glass_columns_c, glass_columns_a,
          unseen_surprise_small, feat_on_display, item_on_display_a
Lair:1:   layout_regular_city, grunt_forest_stairs_basic, grunt_megastairs_2,
          minmay_lair_oklob_chamber

Skill      XL: |  1  2  3  4  5  6  7  8  9 10 11 |
---------------+----------------------------------+-----
Fighting       | 3 4 5 6 7 9 10 11 | 11.3
Bows           | 6 7 8 9 10 12 13 | 13.5
Dodging        | 2 3 4 5 |  5.0
Invocations    | 3 5 6 |  6.5
Armour         | 4 5 |  5.3
Stealth        | |  0.4

Action                   |  1- 3 |  4- 6 |  7- 9 | 10-12 || total
-------------------------+-------+-------+-------+-------++-------
Melee: Short sword       |    69 |    11 |       |       ||    80
       Kick              |     8 |     2 |    31 |    60 ||   101
       Quarterstaff      |       |     7 |   128 |   123 ||   258
       Dagger            |       |       |       |    87 ||    87
       Spear             |       |       |       |    31 ||    31
 Fire: Shortbow          |    68 |   140 |   367 |   338 ||   913
Invok: Heroism           |       |       |     1 |       ||     1
Evoke: Wand              |       |       |       |     6 ||     6
  Use: Scroll            |       |     7 |    11 |       ||    18
       Potion            |       |       |     5 |     2 ||     7
 Stab: Petrifying        |       |       |     1 |       ||     1
       Paralysed         |       |       |     1 |       ||     1
  Eat: Chunk             |     1 |     7 |    10 |    11 ||    29
       Ration            |       |       |     1 |       ||     1
Armor: Leather armour    |    21 |    20 |     2 |       ||    43
       Robe              |       |       |    70 |       ||    70
       Chain mail        |       |       |     2 |   217 ||   219
Dodge: Dodged            |    47 |    32 |   157 |    56 ||   292

Table legend:
 A = Non-vault XP
 B = Vault XP
 C = Vault XP percentage of total XP
 D = Non-vault monster count
 E = Vault monster count
 F = Vault count percentage of total count
                 A         B        C        D         E       F
            +---------+---------+-------+---------+---------+-------
      Total |   10932 |    6988 |  39.0 |     217 |      72 |  24.9
            +---------+---------+-------+---------+---------+-------
        D:1 |      54 |      11 |  16.9 |      30 |       4 |  11.8
        D:2 |      47 |      76 |  61.8 |      14 |       2 |  12.5
        D:3 |      33 |       0 |   0.0 |       6 |       0 |   0.0
        D:4 |     871 |     427 |  32.9 |      29 |      13 |  31.0
        D:5 |    1322 |       0 |   0.0 |      23 |       0 |   0.0
        D:6 |     895 |      42 |   4.5 |      28 |       3 |   9.7
        D:7 |     754 |    2547 |  77.2 |      16 |      10 |  38.5
        D:8 |    2847 |    3518 |  55.3 |      34 |      39 |  53.4
        D:9 |    1554 |     367 |  19.1 |      26 |       1 |   3.7
     Lair:1 |    2555 |       0 |   0.0 |      11 |       0 |   0.0
            +---------+---------+-------+---------+---------+-------
